Sewer Rats vs Harfangs
(R1)
Created - 9 mai 2015 at 20:02
Goals
|
| Sewer Rats |
2 |
1 |
0 |
0 |
3 |
| Harfangs |
1 |
2 |
0 |
1 |
4 |
|
Shots
|
| Sewer Rats |
11 |
13 |
10 |
0 |
34 |
| Harfangs |
18 |
9 |
11 |
2 |
40 |
|
1st period
1. Sewer Rats , Derek Dorsett 4 (Matt Lashoff, Semyon Varlamov) at 2:48
2. Harfangs , Stefan Ruzicka 13 (Alexandre Picard, Chris Kreider) at 7:26
3. Sewer Rats , Steven Reinprecht 17 (Ville Leino, Mark Mancari) at 19:33
Penalties :
Chris Kreider (BEA) for Interference (Minor) at 0:22
2nd period
4. Harfangs , Stefan Ruzicka 14 (Petri Kontiola, Alexandre Picard) at 6:23
5. Sewer Rats , Mark Mancari 16 (Steven Reinprecht) at 7:42
6. Harfangs , Petri Kontiola 6 (Stefan Ruzicka) at 16:09
Penalties :
Roman Wick (BEA) for Holding (Minor) at 8:14, Mike Funk (Tol) for Hooking (Minor) at 11:19, Tim Ramholt (Tol) for Tripping (Minor) at 16:28
3rd period
No Goal
Penalties :
Steven Reinprecht (Tol) for Hooking (Minor) at 0:57, Chris Kreider (BEA) for Tripping (Minor) at 6:45, Lars Eller (Tol) for Hooking (Minor) at 11:01, Kyle Palmieri (BEA) for Hooking (Minor) at 13:45, John Lammers (Tol) for Holding (Minor) at 19:32
Overtime #1
7. Harfangs , Alex Killorn 7 (Peter Olvecky, Andrew Orpik) at 3:04
Penalties :
No Penalty
Goalie Stats
Semyon Varlamov (Tol), 36 saves from 40 shots - (0,900), OTL, 10-3-2, 63:04 minutes
Robin Lehner (BEA), 31 saves from 34 shots - (0,912), W, 6-1-1, 63:04 minutes
Players Stats for Sewer Rats
Player Name G A P +/- PIM S H SB GA TA FO MP PP MP PK MP
------------------------------------------------------------------------------------
Derek Dorsett 1 0 1 -1 0 2 2 1 0 0 0/0 10:51 0:00 0:00
Evan Brophey 0 0 0 1 0 0 0 1 0 0 5/6 6:59 0:00 0:00
John Lammers 0 0 0 -1 2 2 2 0 0 0 0/0 13:06 0:00 1:48
Jordan Caron 0 0 0 1 0 2 1 0 0 0 0/0 6:59 0:00 0:00
Kyle Quincey 0 0 0 1 0 1 2 0 1 0 0/0 21:58 2:54 4:09
Kyle Turris 0 0 0 -2 0 1 2 0 0 0 8/19 16:39 3:43 1:08
Lars Eller 0 0 0 -1 2 3 0 0 0 0 3/8 13:14 0:00 2:00
Mark Mancari 1 1 2 1 0 4 2 0 0 0 1/1 21:02 4:13 2:21
Matt Lashoff 0 1 1 0 0 3 2 3 0 4 0/0 30:07 5:02 5:46
Mattias Ekholm 0 0 0 -2 0 1 1 1 1 0 0/0 12:19 0:00 1:18
Mike Funk 0 0 0 -2 2 0 0 1 0 0 0/0 11:00 0:00 0:00
Nick Palmieri 0 0 0 -2 0 1 3 0 0 0 1/2 15:23 3:43 0:00
Patrick Bordeleau 0 0 0 1 0 0 1 0 0 0 0/0 6:59 0:00 0:00
Steven Kampfer 0 0 0 1 0 0 1 1 0 1 0/0 21:58 2:54 4:09
Steven Reinprecht 1 1 2 1 2 7 2 1 0 1 18/38 24:20 4:13 4:27
Tim Ramholt 0 0 0 0 2 0 0 2 0 0 0/0 29:10 5:02 4:28
Ville Leino 0 1 1 1 0 6 2 0 1 0 1/1 25:12 4:13 5:27
Vojtech Polak 0 0 0 -2 0 1 2 1 0 0 0/0 18:04 3:43 2:39
Players Stats for Harfangs
Player Name G A P +/- PIM S H SB GA TA FO MP PP MP PK MP
------------------------------------------------------------------------------------
Alex Killorn 1 0 1 1 0 3 3 1 0 0 7/19 19:11 4:49 2:29
Alexandre Picard 0 2 2 2 0 2 0 2 1 1 0/0 31:28 6:23 4:48
Andrew Orpik 0 1 1 2 0 0 0 2 1 0 0/0 13:02 0:00 0:00
Brett Carson 0 0 0 -2 0 2 0 1 0 1 0/0 21:17 3:32 3:08
Brian Lashoff 0 0 0 1 0 0 0 2 0 0 0/0 13:55 0:00 3:08
Chris Kreider 0 1 1 0 4 8 3 2 0 0 1/4 21:41 5:06 0:32
Corey Cowick 0 0 0 0 0 0 0 0 0 0 0/0 7:08 0:00 0:23
Craig Smith 0 0 0 0 0 2 0 0 0 0 3/8 11:34 0:00 0:59
Drew Shore 0 0 0 0 0 0 1 0 0 0 1/1 6:45 0:00 0:00
James Wisniewski 0 0 0 1 0 4 0 0 0 0 0/0 28:45 6:23 4:48
Kyle Palmieri 0 0 0 0 2 1 0 0 0 0 2/2 10:34 0:00 0:00
Michal Repik 0 0 0 0 0 2 0 0 0 0 0/0 6:45 0:00 0:00
Peter Olvecky 0 1 1 1 0 3 0 0 1 0 2/2 19:11 4:49 2:29
Petri Kontiola 1 1 2 0 0 1 2 2 0 0 22/39 25:34 5:06 4:28
Roman Wick 0 0 0 1 2 0 1 0 0 0 0/0 16:36 4:49 0:00
Stefan Ruzicka 2 1 3 0 0 8 2 0 0 0 0/0 21:06 5:06 0:00
Tomas Tatar 0 0 0 0 0 1 3 0 1 1 0/0 15:07 0:00 4:32
Victor Bartley 0 0 0 -2 0 3 1 1 2 0 0/0 17:41 3:32 0:00
3 Stars
1 - Stefan Ruzicka (BEA)
2 - Mark Mancari (Tol)
3 - Petri Kontiola (BEA)
Power Play
Sewer Rats - 0 on 4 Attempt(s) - 0,00%
Harfangs - 0 on 5 Attempt(s) - 0,00%
Penalty Kill
Sewer Rats - 5 on 5 Attempt(s) - 100,00%
- Score 0 goal in Penalty Kill
Harfangs - 4 on 4 Attempt(s) - 100,00%
- Score 0 goal in Penalty Kill
Team Stat
Sewer Rats - Hits : 25 - Faceoff Wins : 37 - Blocked Shots : 12 - Penalty Minutes : 10
Harfangs - Hits : 16 - Faceoff Wins : 38 - Blocked Shots : 13 - Penalty Minutes : 8
Official
Referees : Joannette Marc and Charron Francis
Linesman : Scott Cherrey and Michel Cormier
Game Notes
No Game Note
Finance
Level 1 -- Attendance: 2000 (100,00%) -- Ticket Income 60 000 $
Level 2 -- Attendance: 1000 (100,00%) -- Ticket Income 15 000 $
Total Attendance: 3000 (100,00%)
Total Ticket Income: 75 000 $
Other Income: 3 750 $
Total Income: 78 750 $
Sewer Rats
5 vs 5 Forward
Center Left Wing Right Wing Time % Phy DF OF
1 Steven Reinprecht Ville Leino Mark Mancari 40 1 2 2
2 Kyle Turris Vojtech Polak Nick Palmieri 30 1 2 2
3 Lars Eller John Lammers Derek Dorsett 20 1 2 2
4 Evan Brophey Patrick Bordeleau Jordan Caron 10 1 2 2
5 vs 5 Defense
Defense Defense Time % Phy DF OF
1 Tim Ramholt Matt Lashoff 40 1 2 2
2 Kyle Quincey Steven Kampfer 30 1 2 2
3 Mike Funk Mattias Ekholm 20 1 2 2
4 Tim Ramholt Matt Lashoff 10 1 2 2
PowerPlay Forward
Center Left Wing Right Wing Time % Phy DF OF
1 Steven Reinprecht Ville Leino Mark Mancari 60 1 2 2
2 Kyle Turris Vojtech Polak Nick Palmieri 40 1 2 2
PowerPlay Defense
Defense Defense Time % Phy DF OF
1 Tim Ramholt Matt Lashoff 60 1 2 2
2 Kyle Quincey Steven Kampfer 40 1 2 2
Penalty Kill 4 Players Forward
Center Wing Time % Phy DF OF
1 Steven Reinprecht Ville Leino 60 1 2 2
2 Mark Mancari Vojtech Polak 40 1 2 2
Penalty Kill 4 Players Defense
Defense Defense Time % Phy DF OF
1 Tim Ramholt Matt Lashoff 60 1 2 2
2 Kyle Quincey Steven Kampfer 40 1 2 2
Penalty Kill - 3 Players Forward
Forward Time % Phy DF OF
1 Steven Reinprecht 60 1 2 2
2 Ville Leino 40 1 2 2
Penalty Kill - 3 Players Defense
Defense Defense Time % Phy DF OF
1 Tim Ramholt Matt Lashoff 60 1 2 2
2 Kyle Quincey Steven Kampfer 40 1 2 2
4 vs 4 Forward
Center Wing Time % Phy DF OF
1 Steven Reinprecht Ville Leino 60 1 2 2
2 Mark Mancari Vojtech Polak 40 1 2 2
4 vs 4 Defense
Defense Defense Time % Phy DF OF
1 Tim Ramholt Matt Lashoff 60 1 2 2
2 Kyle Quincey Steven Kampfer 40 1 2 2
Last Minutes Offensive
Center Left Wing Right Wing Defense Defense
Steven Reinprecht Ville Leino Mark Mancari Tim Ramholt Matt Lashoff
Last Minutes Defensive
Center Left Wing Right Wing Defense Defense
Steven Reinprecht Ville Leino Mark Mancari Tim Ramholt Matt Lashoff
Goaltenders
Starting : Semyon Varlamov
Backup : Jhonas Enroth
Extra Forwards
Normal : Derek Dorsett, John Lammers, Lars Eller - PP : Derek Dorsett, John Lammers - PK : Lars Eller
Extra Defensemen
Normal : Mike Funk, Mattias Ekholm, Kyle Quincey - PP : Mike Funk - PK : Mattias Ekholm, Kyle Quincey
Penalty Shots
Steven Reinprecht, Ville Leino, Mark Mancari, Vojtech Polak, Nick Palmieri
Harfangs
5 vs 5 Forward
Center Left Wing Right Wing Time % Phy DF OF
1 Petri Kontiola Chris Kreider Stefan Ruzicka 40 0 0 5
2 Alex Killorn Peter Olvecky Roman Wick 30 0 0 5
3 Craig Smith Tomas Tatar Kyle Palmieri 20 0 0 5
4 Drew Shore Corey Cowick Michal Repik 10 0 0 5
5 vs 5 Defense
Defense Defense Time % Phy DF OF
1 Alexandre Picard James Wisniewski 40 0 2 3
2 Brett Carson Victor Bartley 30 0 2 3
3 Andrew Orpik Brian Lashoff 20 0 3 2
4 Alexandre Picard Andrew Orpik 10 0 2 3
PowerPlay Forward
Center Left Wing Right Wing Time % Phy DF OF
1 Petri Kontiola Chris Kreider Stefan Ruzicka 60 0 0 5
2 Alex Killorn Peter Olvecky Roman Wick 40 0 0 5
PowerPlay Defense
Defense Defense Time % Phy DF OF
1 Alexandre Picard James Wisniewski 60 0 2 3
2 Brett Carson Victor Bartley 40 0 2 3
Penalty Kill 4 Players Forward
Center Wing Time % Phy DF OF
1 Petri Kontiola Tomas Tatar 60 0 5 0
2 Alex Killorn Peter Olvecky 40 0 5 0
Penalty Kill 4 Players Defense
Defense Defense Time % Phy DF OF
1 James Wisniewski Alexandre Picard 60 0 5 0
2 Brett Carson Brian Lashoff 40 0 5 0
Penalty Kill - 3 Players Forward
Forward Time % Phy DF OF
1 Petri Kontiola 60 0 5 0
2 Alex Killorn 40 0 5 0
Penalty Kill - 3 Players Defense
Defense Defense Time % Phy DF OF
1 James Wisniewski Alexandre Picard 60 0 5 0
2 Brett Carson Brian Lashoff 40 0 5 0
4 vs 4 Forward
Center Wing Time % Phy DF OF
1 Petri Kontiola Chris Kreider 60 0 0 5
2 Alex Killorn Stefan Ruzicka 40 0 0 5
4 vs 4 Defense
Defense Defense Time % Phy DF OF
1 Alexandre Picard James Wisniewski 60 0 2 3
2 Victor Bartley Brett Carson 40 0 3 2
Last Minutes Offensive
Center Left Wing Right Wing Defense Defense
Petri Kontiola Chris Kreider Stefan Ruzicka Alexandre Picard James Wisniewski
Last Minutes Defensive
Center Left Wing Right Wing Defense Defense
Petri Kontiola Chris Kreider Stefan Ruzicka James Wisniewski Alexandre Picard
Goaltenders
Starting : Robin Lehner
Backup : Darcy Kuemper
Extra Forwards
Normal : Alex Killorn, Chris Kreider, Petri Kontiola - PP : Chris Kreider, Petri Kontiola - PK : Petri Kontiola
Extra Defensemen
Normal : Brian Lashoff, James Wisniewski, Alexandre Picard - PP : Victor Bartley - PK : Brian Lashoff, Alexandre Picard
Penalty Shots
Petri Kontiola, Craig Smith, Chris Kreider, Peter Olvecky, Alexandre Picard
% Time on Ice - Sewer Rats
Lines # - Real PCT - Wanted PCT - Time Play
Normal Forward
1 - 35% - 40% - 15:56
2 - 26% - 30% - 11:42
3 - 23% - 20% - 10:36
4 - 15% - 10% - 6:59
Normal Defense
1 - 38% - 40% - 17:13
2 - 33% - 30% - 14:55
3 - 24% - 20% - 10:59
4 - 5% - 10% - 2:06
PP Forward
1 - 53% - 60% - 4:13
2 - 47% - 40% - 3:43
PP Defense
1 - 63% - 60% - 5:02
2 - 37% - 40% - 2:54
PK Forward
1 - 76% - 60% - 7:34
2 - 24% - 40% - 2:21
PK Defense
1 - 58% - 60% - 5:46
2 - 42% - 40% - 4:09
PK3 Forward
1 - 0% - 60%
2 - 0% - 40%
PK3 Defense
1 - 0% - 60%
2 - 0% - 40%
44 Forward
1 - 0% - 60%
2 - 0% - 40%
44 Defense
1 - 0% - 60%
2 - 0% - 40%
Last Minute Offensive - 0:00
Last Minute Defensive - 0:00
Total
Forward - 63:04
Defense - 63:04
|
% Time on Ice - Harfangs
Lines # - Real PCT - Wanted PCT - Time Play
Normal Forward
1 - 37% - 40% - 16:57
2 - 26% - 30% - 11:53
3 - 21% - 20% - 9:38
4 - 15% - 10% - 6:45
Normal Defense
1 - 39% - 40% - 17:34
2 - 32% - 30% - 14:37
3 - 23% - 20% - 10:19
4 - 6% - 10% - 2:43
PP Forward
1 - 51% - 60% - 5:06
2 - 49% - 40% - 4:49
PP Defense
1 - 64% - 60% - 6:23
2 - 36% - 40% - 3:32
PK Forward
1 - 69% - 60% - 5:27
2 - 31% - 40% - 2:29
PK Defense
1 - 61% - 60% - 4:48
2 - 39% - 40% - 3:08
PK3 Forward
1 - 0% - 60%
2 - 0% - 40%
PK3 Defense
1 - 0% - 60%
2 - 0% - 40%
44 Forward
1 - 0% - 60%
2 - 0% - 40%
44 Defense
1 - 0% - 60%
2 - 0% - 40%
Last Minute Offensive - 0:00
Last Minute Defensive - 0:00
Total
Forward - 63:04
Defense - 63:04
|
Play by Play
1st period
0:01 of 1st period - Steven Reinprecht wins face-off versus Petri Kontiola in neutral zone.
0:22 of 1st period - Minor Penalty to Chris Kreider for Interference.
0:23 of 1st period - Petri Kontiola wins face-off versus Steven Reinprecht in Harfangs zone.
0:36 of 1st period - Snap shot by Mark Mancari.
0:36 of 1st period - Stopped by Robin Lehner without a rebound.
0:37 of 1st period - Peter Olvecky wins face-off versus Kyle Turris in Harfangs zone.
2:22 of 1st period - Penalty to Chris Kreider is over, Chris Kreider is back on ice.
2:33 of 1st period - Brett Carson is hit by Derek Dorsett and loses puck.
2:48 of 1st period - Snap shot by Derek Dorsett.
2:48 of 1st period - Goal by Derek Dorsett - Sewer Rats : 1 - Harfangs : 0.
2:49 of 1st period - Steven Reinprecht wins face-off versus Alex Killorn in neutral zone.
2:55 of 1st period - Off-side.
2:56 of 1st period - Steven Reinprecht wins face-off versus Alex Killorn in neutral zone.
4:28 of 1st period - Snap shot by Ville Leino.
4:28 of 1st period - Shot Misses the Net.
4:30 of 1st period - Slapshot by Steven Kampfer.
4:30 of 1st period - Shot Blocked by Andrew Orpik.
4:32 of 1st period - Snap shot by Kyle Quincey.
4:32 of 1st period - Shot Misses the Net.
4:34 of 1st period - Snap shot by Ville Leino.
4:34 of 1st period - Shot Hit the Post.
4:36 of 1st period - Wrist shot by Steven Reinprecht.
4:36 of 1st period - Stopped by Robin Lehner with a rebound.
4:38 of 1st period - Wrist shot by Mark Mancari.
4:38 of 1st period - Shot Blocked by Brian Lashoff.
4:52 of 1st period - Wrist shot by Stefan Ruzicka.
4:52 of 1st period - Shot Misses the Net.
4:54 of 1st period - Slapshot by Petri Kontiola.
4:54 of 1st period - Shot Misses the Net.
5:55 of 1st period - Wrist shot by Alex Killorn.
5:55 of 1st period - Stopped by Semyon Varlamov without a rebound.
5:56 of 1st period - Kyle Turris wins face-off versus Petri Kontiola in Sewer Rats zone.
6:03 of 1st period - Stefan Ruzicka is hit by Kyle Turris and loses puck.
6:10 of 1st period - Snap shot by Stefan Ruzicka.
6:10 of 1st period - Shot Misses the Net.
7:02 of 1st period - Off-side.
7:03 of 1st period - Drew Shore wins face-off versus Evan Brophey in neutral zone.
7:08 of 1st period - Snap shot by Michal Repik.
7:08 of 1st period - Shot Blocked by Mattias Ekholm.
7:10 of 1st period - Slapshot by James Wisniewski.
7:10 of 1st period - Shot Misses the Net.
7:14 of 1st period - Snap shot by Alexandre Picard.
7:14 of 1st period - Shot Blocked by Evan Brophey.
7:16 of 1st period - Slapshot by Michal Repik.
7:16 of 1st period - Stopped by Semyon Varlamov with a rebound.
7:18 of 1st period - Slapshot by James Wisniewski.
7:18 of 1st period - Stopped by Semyon Varlamov without a rebound.
7:19 of 1st period - Petri Kontiola wins face-off versus Steven Reinprecht in Sewer Rats zone.
7:26 of 1st period - Wrist shot by Stefan Ruzicka.
7:26 of 1st period - Goal by Stefan Ruzicka - Sewer Rats : 1 - Harfangs : 1.
7:27 of 1st period - Kyle Turris wins face-off versus Chris Kreider in neutral zone.
7:57 of 1st period - James Wisniewski is hit by Ville Leino and loses puck.
9:16 of 1st period - Snap shot by Alex Killorn.
9:16 of 1st period - Shot Misses the Net.
9:18 of 1st period - Wrist shot by Peter Olvecky.
9:18 of 1st period - Stopped by Semyon Varlamov without a rebound.
9:19 of 1st period - Steven Reinprecht wins face-off versus Alex Killorn in Sewer Rats zone.
9:24 of 1st period - Wrist shot by Peter Olvecky.
9:24 of 1st period - Deflect By Alex Killorn.
9:24 of 1st period - Stopped by Semyon Varlamov without a rebound.
9:25 of 1st period - Petri Kontiola wins face-off versus Steven Reinprecht in Sewer Rats zone.
9:50 of 1st period - Snap shot by Alex Killorn.
9:50 of 1st period - Shot Misses the Net.
9:52 of 1st period - Wrist shot by Alex Killorn.
9:52 of 1st period - Deflect By Peter Olvecky.
9:52 of 1st period - Stopped by Semyon Varlamov without a rebound.
9:53 of 1st period - Kyle Turris wins face-off versus Alex Killorn in Sewer Rats zone.
9:58 of 1st period - Backhand shot by Nick Palmieri.
9:58 of 1st period - Shot Blocked by Andrew Orpik.
10:51 of 1st period - Wrist shot by Alex Killorn.
10:51 of 1st period - Shot Blocked by Tim Ramholt.
10:53 of 1st period - Wrist shot by Peter Olvecky.
10:53 of 1st period - Shot Blocked by Matt Lashoff.
10:55 of 1st period - Slapshot by Alexandre Picard.
10:55 of 1st period - Stopped by Semyon Varlamov without a rebound.
10:56 of 1st period - Steven Reinprecht wins face-off versus Petri Kontiola in Sewer Rats zone.
10:56 of 1st period - Steven Reinprecht is hit by Victor Bartley.
11:46 of 1st period - Snap shot by Jordan Caron.
11:46 of 1st period - Shot Misses the Net.
12:00 of 1st period - Victor Bartley is hit by Jordan Caron and loses puck.
12:22 of 1st period - Wrist shot by Ville Leino.
12:22 of 1st period - Shot Misses the Net.
12:32 of 1st period - Wrist shot by Tomas Tatar.
12:32 of 1st period - Stopped by Semyon Varlamov without a rebound.
12:33 of 1st period - Chris Kreider wins face-off versus Lars Eller in Sewer Rats zone.
12:34 of 1st period - Slapshot by Stefan Ruzicka.
12:34 of 1st period - Shot Misses the Net.
13:05 of 1st period - Snap shot by Peter Olvecky.
13:05 of 1st period - Stopped by Semyon Varlamov with a rebound.
14:37 of 1st period - Wrist shot by Craig Smith.
14:37 of 1st period - Stopped by Semyon Varlamov without a rebound.
14:38 of 1st period - Kyle Turris wins face-off versus Craig Smith in Sewer Rats zone.
15:03 of 1st period - Ville Leino is hit by Stefan Ruzicka and loses puck.
15:08 of 1st period - Snap shot by Stefan Ruzicka.
15:08 of 1st period - Stopped by Semyon Varlamov with a rebound.
15:10 of 1st period - Snap shot by Chris Kreider.
15:10 of 1st period - Stopped by Semyon Varlamov with a rebound.
15:14 of 1st period - Snap shot by Chris Kreider.
15:14 of 1st period - Stopped by Semyon Varlamov with a rebound.
15:16 of 1st period - Slapshot by James Wisniewski.
15:16 of 1st period - Shot Misses the Net.
15:28 of 1st period - Wrist shot by Derek Dorsett.
15:28 of 1st period - Deflect By John Lammers.
15:28 of 1st period - Stopped by Robin Lehner without a rebound.
15:29 of 1st period - Lars Eller wins face-off versus Alex Killorn in Harfangs zone.
16:06 of 1st period - Wrist shot by Peter Olvecky.
16:06 of 1st period - Shot Misses the Net.
16:26 of 1st period - Slapshot by Derek Dorsett.
16:26 of 1st period - Stopped by Robin Lehner without a rebound.
16:27 of 1st period - Petri Kontiola wins face-off versus Steven Reinprecht in Harfangs zone.
16:34 of 1st period - Wrist shot by Stefan Ruzicka.
16:34 of 1st period - Shot Misses the Net.
16:36 of 1st period - Wrist shot by Victor Bartley.
16:36 of 1st period - Stopped by Semyon Varlamov without a rebound.
16:37 of 1st period - Steven Reinprecht wins face-off versus Petri Kontiola in Sewer Rats zone.
16:44 of 1st period - Snap shot by Ville Leino.
16:44 of 1st period - Stopped by Robin Lehner without a rebound.
16:45 of 1st period - Petri Kontiola wins face-off versus Steven Reinprecht in Harfangs zone.
17:33 of 1st period - Peter Olvecky is hit by John Lammers and loses puck.
18:12 of 1st period - Snap shot by Stefan Ruzicka.
18:12 of 1st period - Stopped by Semyon Varlamov without a rebound.
18:13 of 1st period - Steven Reinprecht wins face-off versus Petri Kontiola in Sewer Rats zone.
18:20 of 1st period - Slapshot by Steven Reinprecht.
18:20 of 1st period - Shot Misses the Net.
18:22 of 1st period - Slapshot by Matt Lashoff.
18:22 of 1st period - Deflect By Steven Reinprecht.
18:22 of 1st period - Shot Misses the Net.
18:22 of 1st period - Puck is out of play.
18:23 of 1st period - Petri Kontiola wins face-off versus Steven Reinprecht in Harfangs zone.
18:32 of 1st period - Wrist shot by Stefan Ruzicka.
18:32 of 1st period - Stopped by Semyon Varlamov without a rebound.
18:33 of 1st period - Petri Kontiola wins face-off versus Steven Reinprecht in Sewer Rats zone.
18:48 of 1st period - Snap shot by Ville Leino.
18:48 of 1st period - Shot Blocked by Brett Carson.
18:58 of 1st period - Snap shot by Mark Mancari.
18:58 of 1st period - Shot Misses the Net.
19:19 of 1st period - Snap shot by Ville Leino.
19:19 of 1st period - Stopped by Robin Lehner with a rebound.
19:21 of 1st period - Wrist shot by Mark Mancari.
19:21 of 1st period - Stopped by Robin Lehner with a rebound.
19:23 of 1st period - Snap shot by Ville Leino.
19:23 of 1st period - Shot Misses the Net.
19:31 of 1st period - Slapshot by Steven Reinprecht.
19:31 of 1st period - Stopped by Robin Lehner with a rebound.
19:33 of 1st period - Snap shot by Steven Reinprecht.
19:33 of 1st period - Goal by Steven Reinprecht - Sewer Rats : 2 - Harfangs : 1.
19:34 of 1st period - Craig Smith wins face-off versus Kyle Turris in neutral zone.
19:37 of 1st period - Slapshot by Alexandre Picard.
19:37 of 1st period - Stopped by Semyon Varlamov with a rebound.
19:43 of 1st period - Slapshot by Matt Lashoff.
19:43 of 1st period - Deflect By James Wisniewski.
19:43 of 1st period - Stopped by Robin Lehner with a rebound.
19:45 of 1st period - Slapshot by Tim Ramholt.
19:45 of 1st period - Shot Blocked by Alexandre Picard.
19:47 of 1st period - Slapshot by Matt Lashoff.
19:47 of 1st period - Deflect By Nick Palmieri.
19:47 of 1st period - Shot Misses the Net.
19:47 of 1st period - Puck is out of play.
19:48 of 1st period - Alex Killorn wins face-off versus Kyle Turris in Harfangs zone.
19:48 of 1st period - Alex Killorn is hit by Vojtech Polak.
Goals for this period are 2 for Sewer Rats vs 1 for Harfangs.
Shots for this period are 11 for Sewer Rats vs 18 for Harfangs.
2nd period
0:01 of 2nd period - Petri Kontiola wins face-off versus Kyle Turris in neutral zone.
0:01 of 2nd period - Stefan Ruzicka is hit by Vojtech Polak and loses puck.
0:32 of 2nd period - Snap shot by Mark Mancari.
0:32 of 2nd period - Stopped by Robin Lehner with a rebound.
0:56 of 2nd period - Wrist shot by Craig Smith.
0:56 of 2nd period - Shot Misses the Net.
0:58 of 2nd period - Slapshot by Alexandre Picard.
0:58 of 2nd period - Shot Misses the Net.
1:00 of 2nd period - Slapshot by Alexandre Picard.
1:00 of 2nd period - Deflect By Craig Smith.
1:00 of 2nd period - Shot Misses the Net.
1:00 of 2nd period - Puck is out of play.
1:01 of 2nd period - Petri Kontiola wins face-off versus Kyle Turris in Sewer Rats zone.
1:14 of 2nd period - Snap shot by Stefan Ruzicka.
1:14 of 2nd period - Stopped by Semyon Varlamov without a rebound.
1:15 of 2nd period - Steven Reinprecht wins face-off versus Petri Kontiola in Sewer Rats zone.
1:31 of 2nd period - Snap shot by Ville Leino.
1:31 of 2nd period - Stopped by Robin Lehner with a rebound.
1:41 of 2nd period - Tim Ramholt is hit by Tomas Tatar and loses puck.
2:46 of 2nd period - Snap shot by Stefan Ruzicka.
2:46 of 2nd period - Shot Blocked by Mike Funk.
2:54 of 2nd period - Chris Kreider is hit by Mark Mancari and loses puck.
3:35 of 2nd period - Snap shot by Alex Killorn.
3:35 of 2nd period - Shot Blocked by Derek Dorsett.
3:37 of 2nd period - Backhand shot by James Wisniewski.
3:37 of 2nd period - Deflect By Alex Killorn.
3:37 of 2nd period - Shot Misses the Net.
3:37 of 2nd period - Puck is out of play.
3:38 of 2nd period - Steven Reinprecht wins face-off versus Chris Kreider in Sewer Rats zone.
3:49 of 2nd period - Steven Kampfer is hit by Petri Kontiola and loses puck.
3:54 of 2nd period - Snap shot by Stefan Ruzicka.
3:54 of 2nd period - Deflect By Petri Kontiola.
3:54 of 2nd period - Shot Hit the Post.
3:54 of 2nd period - Puck is out of play.
3:55 of 2nd period - Kyle Turris wins face-off versus Alex Killorn in Sewer Rats zone.
4:26 of 2nd period - Off-side.
4:27 of 2nd period - Petri Kontiola wins face-off versus Steven Reinprecht in neutral zone.
5:14 of 2nd period - Victor Bartley is hit by Matt Lashoff and loses puck.
5:31 of 2nd period - Wrist shot by John Lammers.
5:31 of 2nd period - Shot Blocked by Alexandre Picard.
5:39 of 2nd period - Snap shot by John Lammers.
5:39 of 2nd period - Stopped by Robin Lehner without a rebound.
5:40 of 2nd period - Steven Reinprecht wins face-off versus Petri Kontiola in Harfangs zone.
5:43 of 2nd period - Wrist shot by Ville Leino.
5:43 of 2nd period - Shot Misses the Net.
5:45 of 2nd period - Slapshot by Steven Kampfer.
5:45 of 2nd period - Shot Misses the Net.
5:57 of 2nd period - Steven Reinprecht is hit by Chris Kreider and loses puck.
6:10 of 2nd period - Alexandre Picard is hit by Derek Dorsett and loses puck.
6:19 of 2nd period - Snap shot by Stefan Ruzicka.
6:19 of 2nd period - Shot Misses the Net.
6:21 of 2nd period - Snap shot by Stefan Ruzicka.
6:21 of 2nd period - Shot Misses the Net.
6:23 of 2nd period - Snap shot by Stefan Ruzicka.
6:23 of 2nd period - Goal by Stefan Ruzicka - Sewer Rats : 2 - Harfangs : 2.
6:24 of 2nd period - Steven Reinprecht wins face-off versus Alex Killorn in neutral zone.
6:29 of 2nd period - Snap shot by Ville Leino.
6:29 of 2nd period - Shot Misses the Net.
6:51 of 2nd period - Slapshot by Kyle Quincey.
6:51 of 2nd period - Stopped by Robin Lehner without a rebound.
6:52 of 2nd period - Petri Kontiola wins face-off versus Lars Eller in Harfangs zone.
7:03 of 2nd period - Snap shot by Chris Kreider.
7:03 of 2nd period - Stopped by Semyon Varlamov with a rebound.
7:05 of 2nd period - Slapshot by James Wisniewski.
7:05 of 2nd period - Deflect By Derek Dorsett.
7:05 of 2nd period - Stopped by Semyon Varlamov with a rebound.
7:07 of 2nd period - Slapshot by James Wisniewski.
7:07 of 2nd period - Stopped by Semyon Varlamov without a rebound.
7:08 of 2nd period - Kyle Palmieri wins face-off versus Kyle Turris in Sewer Rats zone.
7:09 of 2nd period - Snap shot by Craig Smith.
7:09 of 2nd period - Shot Misses the Net.
7:33 of 2nd period - James Wisniewski is hit by Steven Reinprecht and loses puck.
7:40 of 2nd period - Snap shot by Ville Leino.
7:40 of 2nd period - Stopped by Robin Lehner without a rebound.
7:41 of 2nd period - Steven Reinprecht wins face-off versus Chris Kreider in Harfangs zone.
7:42 of 2nd period - Slapshot by Mark Mancari.
7:42 of 2nd period - Goal by Mark Mancari - Sewer Rats : 3 - Harfangs : 2.
7:43 of 2nd period - Petri Kontiola wins face-off versus Steven Reinprecht in neutral zone.
7:56 of 2nd period - Wrist shot by Ville Leino.
7:56 of 2nd period - Deflect By Steven Reinprecht.
7:56 of 2nd period - Shot Blocked by Chris Kreider.
7:56 of 2nd period - Puck is out of play.
7:57 of 2nd period - Nick Palmieri wins face-off versus Alex Killorn in Harfangs zone.
8:00 of 2nd period - Snap shot by Nick Palmieri.
8:00 of 2nd period - Stopped by Robin Lehner without a rebound.
8:01 of 2nd period - Peter Olvecky wins face-off versus Kyle Turris in Harfangs zone.
8:14 of 2nd period - Minor Penalty to Roman Wick for Holding.
8:15 of 2nd period - Steven Reinprecht wins face-off versus Petri Kontiola in Harfangs zone.
8:20 of 2nd period - Snap shot by Ville Leino.
8:20 of 2nd period - Shot Misses the Net.
8:28 of 2nd period - Wrist shot by Ville Leino.
8:28 of 2nd period - Stopped by Robin Lehner without a rebound.
8:29 of 2nd period - Petri Kontiola wins face-off versus Steven Reinprecht in Harfangs zone.
9:02 of 2nd period - Slapshot by Kyle Turris.
9:02 of 2nd period - Stopped by Robin Lehner without a rebound.
9:03 of 2nd period - Petri Kontiola wins face-off versus Kyle Turris in Harfangs zone.
10:01 of 2nd period - Steven Reinprecht is hit by Petri Kontiola.
10:14 of 2nd period - Penalty to Roman Wick is over, Roman Wick is back on ice.
11:19 of 2nd period - Minor Penalty to Mike Funk for Hooking.
11:20 of 2nd period - Alex Killorn wins face-off versus Steven Reinprecht in Sewer Rats zone.
11:23 of 2nd period - Slapshot by Alex Killorn.
11:23 of 2nd period - Shot Misses the Net.
12:15 of 2nd period - Snap shot by Mark Mancari.
12:15 of 2nd period - Shot Misses the Net.
12:17 of 2nd period - Wrist shot by Mark Mancari.
12:17 of 2nd period - Deflect By Petri Kontiola.
12:17 of 2nd period - Shot Blocked by Chris Kreider.
12:17 of 2nd period - Puck is out of play.
12:18 of 2nd period - Steven Reinprecht wins face-off versus Petri Kontiola in Harfangs zone.
13:16 of 2nd period - Stefan Ruzicka is hit by Mark Mancari and loses puck.
13:19 of 2nd period - Penalty to Mike Funk is over, Mike Funk is back on ice.
13:20 of 2nd period - Icing by Victor Bartley.
13:21 of 2nd period - Petri Kontiola wins face-off versus Kyle Turris in Harfangs zone.
13:26 of 2nd period - Chris Kreider is hit by Nick Palmieri and loses puck.
13:39 of 2nd period - Wrist shot by Chris Kreider.
13:39 of 2nd period - Stopped by Semyon Varlamov with a rebound.
13:41 of 2nd period - Slapshot by Brett Carson.
13:41 of 2nd period - Shot Blocked by Vojtech Polak.
13:43 of 2nd period - Slapshot by Brett Carson.
13:43 of 2nd period - Shot Misses the Net.
13:45 of 2nd period - Slapshot by Brett Carson.
13:45 of 2nd period - Stopped by Semyon Varlamov without a rebound.
13:46 of 2nd period - Steven Reinprecht wins face-off versus Alex Killorn in Sewer Rats zone.
13:51 of 2nd period - Slapshot by Ville Leino.
13:51 of 2nd period - Stopped by Robin Lehner without a rebound.
13:52 of 2nd period - Ville Leino wins face-off versus Alex Killorn in Harfangs zone.
14:03 of 2nd period - Snap shot by Steven Reinprecht.
14:03 of 2nd period - Shot Misses the Net.
14:21 of 2nd period - Slapshot by Steven Reinprecht.
14:21 of 2nd period - Stopped by Robin Lehner without a rebound.
14:22 of 2nd period - Kyle Turris wins face-off versus Craig Smith in Harfangs zone.
14:23 of 2nd period - Backhand shot by Tim Ramholt.
14:23 of 2nd period - Deflect By Nick Palmieri.
14:23 of 2nd period - Shot Misses the Net.
14:23 of 2nd period - Puck is out of play.
14:24 of 2nd period - Kyle Turris wins face-off versus Craig Smith in Harfangs zone.
14:37 of 2nd period - Wrist shot by Craig Smith.
14:37 of 2nd period - Shot Misses the Net.
14:55 of 2nd period - Wrist shot by Steven Reinprecht.
14:55 of 2nd period - Shot Misses the Net.
14:57 of 2nd period - Slapshot by Matt Lashoff.
14:57 of 2nd period - Stopped by Robin Lehner without a rebound.
14:58 of 2nd period - Steven Reinprecht wins face-off versus Alex Killorn in Harfangs zone.
14:59 of 2nd period - Slapshot by Ville Leino.
14:59 of 2nd period - Shot Misses the Net.
15:25 of 2nd period - Alexandre Picard is hit by Nick Palmieri and loses puck.
15:42 of 2nd period - Mattias Ekholm is hit by Stefan Ruzicka and loses puck.
16:09 of 2nd period - Wrist shot by Petri Kontiola.
16:09 of 2nd period - Goal by Petri Kontiola - Sewer Rats : 3 - Harfangs : 3.
16:10 of 2nd period - Craig Smith wins face-off versus Steven Reinprecht in neutral zone.
16:19 of 2nd period - Slapshot by Kyle Palmieri.
16:19 of 2nd period - Shot Blocked by Tim Ramholt.
16:21 of 2nd period - Slapshot by Brett Carson.
16:21 of 2nd period - Stopped by Semyon Varlamov with a rebound.
16:23 of 2nd period - Slapshot by Victor Bartley.
16:23 of 2nd period - Shot Blocked by Matt Lashoff.
16:28 of 2nd period - Minor Penalty to Tim Ramholt for Tripping.
16:29 of 2nd period - Petri Kontiola wins face-off versus Steven Reinprecht in Sewer Rats zone.
16:41 of 2nd period - Stefan Ruzicka is hit by Matt Lashoff and loses puck.
17:32 of 2nd period - Kyle Quincey is hit by Alex Killorn and loses puck.
18:28 of 2nd period - Penalty to Tim Ramholt is over, Tim Ramholt is back on ice.
19:03 of 2nd period - Slapshot by Jordan Caron.
19:03 of 2nd period - Stopped by Robin Lehner with a rebound.
Goals for this period are 1 for Sewer Rats vs 2 for Harfangs.
Shots for this period are 13 for Sewer Rats vs 9 for Harfangs.
3rd period
0:01 of 3rd period - Petri Kontiola wins face-off versus Steven Reinprecht in neutral zone.
0:06 of 3rd period - Wrist shot by Chris Kreider.
0:06 of 3rd period - Stopped by Semyon Varlamov with a rebound.
0:08 of 3rd period - Snap shot by Chris Kreider.
0:08 of 3rd period - Shot Misses the Net.
0:10 of 3rd period - Slapshot by Chris Kreider.
0:10 of 3rd period - Stopped by Semyon Varlamov with a rebound.
0:12 of 3rd period - Wrist shot by Chris Kreider.
0:12 of 3rd period - Stopped by Semyon Varlamov without a rebound.
0:13 of 3rd period - Mark Mancari wins face-off versus Petri Kontiola in Sewer Rats zone.
0:38 of 3rd period - Mark Mancari is hit by Tomas Tatar and loses puck.
0:57 of 3rd period - Minor Penalty to Steven Reinprecht for Hooking.
0:58 of 3rd period - Lars Eller wins face-off versus Petri Kontiola in Sewer Rats zone.
0:58 of 3rd period - Lars Eller is hit by Chris Kreider.
1:04 of 3rd period - Slapshot by Matt Lashoff.
1:04 of 3rd period - Deflect By Stefan Ruzicka.
1:04 of 3rd period - Stopped by Robin Lehner without a rebound.
1:05 of 3rd period - Petri Kontiola wins face-off versus Lars Eller in Harfangs zone.
1:41 of 3rd period - Slapshot by Chris Kreider.
1:41 of 3rd period - Stopped by Semyon Varlamov with a rebound.
1:43 of 3rd period - Wrist shot by Stefan Ruzicka.
1:43 of 3rd period - Stopped by Semyon Varlamov without a rebound.
1:44 of 3rd period - Alex Killorn wins face-off versus Lars Eller in Sewer Rats zone.
1:59 of 3rd period - Steven Kampfer is hit by Alex Killorn and loses puck.
2:10 of 3rd period - Petri Kontiola is hit by Kyle Quincey and loses puck.
2:57 of 3rd period - Penalty to Steven Reinprecht is over, Steven Reinprecht is back on ice.
3:04 of 3rd period - Snap shot by Steven Reinprecht.
3:04 of 3rd period - Stopped by Robin Lehner without a rebound.
3:05 of 3rd period - Evan Brophey wins face-off versus Craig Smith in Harfangs zone.
3:14 of 3rd period - Wrist shot by Craig Smith.
3:14 of 3rd period - Stopped by Semyon Varlamov without a rebound.
3:15 of 3rd period - Evan Brophey wins face-off versus Petri Kontiola in Sewer Rats zone.
3:20 of 3rd period - Mattias Ekholm is hit by Chris Kreider and loses puck.
3:58 of 3rd period - Wrist shot by Michal Repik.
3:58 of 3rd period - Shot Misses the Net.
4:22 of 3rd period - Snap shot by Lars Eller.
4:22 of 3rd period - Stopped by Robin Lehner with a rebound.
4:46 of 3rd period - Slapshot by Steven Reinprecht.
4:46 of 3rd period - Stopped by Robin Lehner with a rebound.
4:48 of 3rd period - Slapshot by Tim Ramholt.
4:48 of 3rd period - Deflect By Steven Reinprecht.
4:48 of 3rd period - Shot Blocked by Brian Lashoff.
4:48 of 3rd period - Puck is out of play.
4:49 of 3rd period - Kyle Turris wins face-off versus Alex Killorn in Harfangs zone.
5:00 of 3rd period - Wrist shot by Nick Palmieri.
5:00 of 3rd period - Shot Misses the Net.
5:16 of 3rd period - Chris Kreider is hit by Steven Reinprecht and loses puck.
5:21 of 3rd period - Wrist shot by Ville Leino.
5:21 of 3rd period - Shot Misses the Net.
5:23 of 3rd period - Wrist shot by Steven Reinprecht.
5:23 of 3rd period - Stopped by Robin Lehner with a rebound.
5:25 of 3rd period - Snap shot by Ville Leino.
5:25 of 3rd period - Shot Blocked by Petri Kontiola.
5:27 of 3rd period - Slapshot by Mattias Ekholm.
5:27 of 3rd period - Shot Misses the Net.
5:29 of 3rd period - Slapshot by Mattias Ekholm.
5:29 of 3rd period - Stopped by Robin Lehner with a rebound.
5:47 of 3rd period - James Wisniewski is hit by Patrick Bordeleau and loses puck.
6:11 of 3rd period - Andrew Orpik is hit by Kyle Quincey and loses puck.
6:45 of 3rd period - Minor Penalty to Chris Kreider for Tripping.
6:46 of 3rd period - Petri Kontiola wins face-off versus Steven Reinprecht in Harfangs zone.
6:51 of 3rd period - Slapshot by James Wisniewski.
6:51 of 3rd period - Stopped by Semyon Varlamov with a rebound.
7:17 of 3rd period - Tomas Tatar is hit by Kyle Turris.
7:24 of 3rd period - Icing by Vojtech Polak.
7:25 of 3rd period - Alex Killorn wins face-off versus Kyle Turris in Sewer Rats zone.
8:45 of 3rd period - Penalty to Chris Kreider is over, Chris Kreider is back on ice.
8:59 of 3rd period - Corey Cowick is hit by Mattias Ekholm.
9:56 of 3rd period - Michal Repik is hit by Ville Leino and loses puck.
10:41 of 3rd period - Wrist shot by Lars Eller.
10:41 of 3rd period - Stopped by Robin Lehner without a rebound.
10:42 of 3rd period - Lars Eller wins face-off versus Craig Smith in Harfangs zone.
11:01 of 3rd period - Minor Penalty to Lars Eller for Hooking.
11:02 of 3rd period - Petri Kontiola wins face-off versus Steven Reinprecht in Sewer Rats zone.
11:05 of 3rd period - Slapshot by Chris Kreider.
11:05 of 3rd period - Shot Misses the Net.
11:07 of 3rd period - Slapshot by Alexandre Picard.
11:07 of 3rd period - Shot Blocked by Steven Reinprecht.
12:24 of 3rd period - Icing by James Wisniewski.
12:25 of 3rd period - Alex Killorn wins face-off versus Steven Reinprecht in Harfangs zone.
13:01 of 3rd period - Penalty to Lars Eller is over, Lars Eller is back on ice.
13:11 of 3rd period - Slapshot by Steven Reinprecht.
13:11 of 3rd period - Shot Blocked by Victor Bartley.
13:13 of 3rd period - Snap shot by Lars Eller.
13:13 of 3rd period - Shot Misses the Net.
13:15 of 3rd period - Wrist shot by Steven Reinprecht.
13:15 of 3rd period - Deflect By Ville Leino.
13:15 of 3rd period - Shot Blocked by Petri Kontiola.
13:15 of 3rd period - Puck is out of play.
13:16 of 3rd period - Craig Smith wins face-off versus Kyle Turris in Harfangs zone.
13:29 of 3rd period - Snap shot by Kyle Turris.
13:29 of 3rd period - Deflect By Vojtech Polak.
13:29 of 3rd period - Stopped by Robin Lehner with a rebound.
13:43 of 3rd period - Snap shot by Evan Brophey.
13:43 of 3rd period - Deflect By Jordan Caron.
13:43 of 3rd period - Stopped by Robin Lehner with a rebound.
13:45 of 3rd period - Minor Penalty to Kyle Palmieri for Hooking.
13:46 of 3rd period - Steven Reinprecht wins face-off versus Petri Kontiola in Harfangs zone.
14:23 of 3rd period - Slapshot by Matt Lashoff.
14:23 of 3rd period - Shot Misses the Net.
14:37 of 3rd period - Brett Carson is hit by Nick Palmieri and loses puck.
15:31 of 3rd period - Nick Palmieri is hit by Alex Killorn and loses puck.
15:45 of 3rd period - Penalty to Kyle Palmieri is over, Kyle Palmieri is back on ice.
16:02 of 3rd period - Snap shot by James Wisniewski.
16:02 of 3rd period - Shot Blocked by Steven Kampfer.
16:04 of 3rd period - Snap shot by James Wisniewski.
16:04 of 3rd period - Shot Misses the Net.
16:41 of 3rd period - Slapshot by Kyle Palmieri.
16:41 of 3rd period - Stopped by Semyon Varlamov without a rebound.
16:42 of 3rd period - Evan Brophey wins face-off versus Petri Kontiola in Sewer Rats zone.
16:48 of 3rd period - Off-side.
16:49 of 3rd period - Evan Brophey wins face-off versus Petri Kontiola in neutral zone.
16:58 of 3rd period - Wrist shot by Stefan Ruzicka.
16:58 of 3rd period - Shot Misses the Net.
17:00 of 3rd period - Slapshot by Victor Bartley.
17:00 of 3rd period - Stopped by Semyon Varlamov without a rebound.
17:01 of 3rd period - Steven Reinprecht wins face-off versus Petri Kontiola in Sewer Rats zone.
17:49 of 3rd period - Slapshot by Lars Eller.
17:49 of 3rd period - Stopped by Robin Lehner with a rebound.
17:51 of 3rd period - Slapshot by Lars Eller.
17:51 of 3rd period - Shot Misses the Net.
17:53 of 3rd period - Slapshot by Matt Lashoff.
17:53 of 3rd period - Shot Blocked by Alex Killorn.
17:55 of 3rd period - Wrist shot by John Lammers.
17:55 of 3rd period - Shot Misses the Net.
19:23 of 3rd period - Wrist shot by Victor Bartley.
19:23 of 3rd period - Stopped by Semyon Varlamov without a rebound.
19:24 of 3rd period - Kyle Palmieri wins face-off versus Lars Eller in Sewer Rats zone.
19:32 of 3rd period - Minor Penalty to John Lammers for Holding.
19:33 of 3rd period - Petri Kontiola wins face-off versus Steven Reinprecht in Sewer Rats zone.
19:45 of 3rd period - Wrist shot by Chris Kreider.
19:45 of 3rd period - Shot Hit the Post.
19:47 of 3rd period - Wrist shot by Alexandre Picard.
19:47 of 3rd period - Shot Misses the Net.
19:49 of 3rd period - Slapshot by Stefan Ruzicka.
19:49 of 3rd period - Stopped by Semyon Varlamov without a rebound.
19:50 of 3rd period - Alex Killorn wins face-off versus Steven Reinprecht in Sewer Rats zone.
Goals for this period are 0 for Sewer Rats vs 0 for Harfangs.
Shots for this period are 10 for Sewer Rats vs 11 for Harfangs.
Overtime #1
0:01 of 1st overtime period - Petri Kontiola wins face-off versus Steven Reinprecht in neutral zone.
0:10 of 1st overtime period - Snap shot by Stefan Ruzicka.
0:10 of 1st overtime period - Shot Misses the Net.
0:14 of 1st overtime period - Snap shot by Stefan Ruzicka.
0:14 of 1st overtime period - Shot Misses the Net.
0:16 of 1st overtime period - Wrist shot by Alexandre Picard.
0:16 of 1st overtime period - Shot Blocked by Matt Lashoff.
0:33 of 1st overtime period - Ville Leino is hit by Roman Wick and loses puck.
1:32 of 1st overtime period - Penalty to John Lammers is over, John Lammers is back on ice.
1:36 of 1st overtime period - Steven Reinprecht is hit by Tomas Tatar.
2:06 of 1st overtime period - James Wisniewski is hit by John Lammers and loses puck.
2:14 of 1st overtime period - Off-side.
2:15 of 1st overtime period - Evan Brophey wins face-off versus Petri Kontiola in neutral zone.
2:24 of 1st overtime period - Brett Carson is hit by Steven Kampfer and loses puck.
2:41 of 1st overtime period - Kyle Quincey is hit by Drew Shore and loses puck.
2:50 of 1st overtime period - Wrist shot by Drew Shore.
2:50 of 1st overtime period - Deflect By Michal Repik.
2:50 of 1st overtime period - Stopped by Semyon Varlamov without a rebound.
2:51 of 1st overtime period - Alex Killorn wins face-off versus Nick Palmieri in Sewer Rats zone.
2:54 of 1st overtime period - Slapshot by Peter Olvecky.
2:54 of 1st overtime period - Shot Misses the Net.
3:04 of 1st overtime period - Snap shot by Alex Killorn.
3:04 of 1st overtime period - Goal by Alex Killorn - Sewer Rats : 3 - Harfangs : 4.
Goals for this period are 0 for Sewer Rats vs 1 for Harfangs.
Shots for this period are 0 for Sewer Rats vs 2 for Harfangs.
Output by the SimonT Hockey Simulator (STHS) for François Prévost -- Original Page W3C XHTML 1.0 Valid